 Dungeon Crawl Stone Soup version 0.30.0-5-g1a98f26d00 (webtiles) character file.

Game seed: 9829138908263494360

112 croobank the Firebug (level 4, -7/33 HPs)
             Began as a Demigod Fire Elementalist on May 10, 2023.
             Mangled by an ogre
             ... wielding a +0 giant club
              (40 damage)
             ... on level 4 of the Dungeon.
             The game lasted 00:07:40 (3950 turns).

croobank the Firebug (Demigod Fire Elementalist)    Turns: 3950, Time: 00:07:41

Health: -7/33      AC:  2    Str: 15    XL:     4   Next: 38%
Magic:  0/10       EV: 12    Int: 27    God:
Gold:   112        SH:  0    Dex: 14    Spells: 1/7 levels left

rFire   + . .        b - +1 sling (freeze)
rCold   . . .        (no shield)
rNeg    . . .        u - +0 robe
rPois   .            (no helmet)
rElec   .            c - scarf of Impressiveness {harm, rF+}
rCorr   .            (no gloves)
SInv    .            (no boots)
Will    .....        (no amulet)
Stlth   ++           e - +6 ring of strength
HPRegen 0.25/turn    w - +6 ring of intelligence
MPRegen 0.12/turn

%: harm (+30% outgoing, +20% incoming)
@: very slightly contaminated
A: high MP 1, forlorn, divine attributes
a: no special abilities


You were on level 4 of the Dungeon.
You visited 1 branch of the dungeon, and saw 4 of its levels.

You collected 112 gold pieces.

Inventory:

Hand Weapons
 a - a +2 dagger of draining
 b - a +1 sling of freezing (weapon)
 f - a +0 trident
 j - a +0 dagger
 k - a +0 dagger of pain
 B - a +0 falchion
Missiles
 d - 9 poisoned darts
Armour
 c - the scarf of Impressiveness (worn) {harm, rF+}
   (You acquired it on level 3 of the Dungeon)

   rF:        It protects you from fire.
 u - a +0 robe (worn)
Jewellery
 e - a +6 ring of strength (left hand)
 w - a +6 ring of intelligence (right hand)
Wands
 s - a wand of flame (10)
Scrolls
 h - 2 scrolls of teleportation
 m - a scroll of vulnerability
Potions
 g - 2 potions of flight
 i - 2 potions of resistance {unknown}
 n - a potion of degeneration {unknown}
 o - 3 potions of heal wounds {unknown}
 r - a potion of brilliance {unknown}
 v - a potion of magic
 z - a potion of might {unknown}
 C - a potion of haste {unknown}


   Skills:
 + Level 2.5 Dodging
 + Level 2.5 Stealth
 + Level 2.4 Spellcasting
 + Level 1.9 Conjurations
 + Level 3.2 Fire Magic


You had one spell level left.
You knew the following spells:

 Your Spells              Type           Power      Damage    Failure   Level
a - Foxfire               Conj/Fire      68%        2x1d7     3%          1
b - Scorch                Fire           40%        2d7       3%          2
c - Inner Flame           Hex/Fire       12%        N/A       14%         3

Your spell library contained the following spells:

 Spells                   Type           Power      Damage    Failure   Level
 Volatile Blastmotes      Fire/Tloc      24%        2d12      14%         3
 Flame Wave               Conj/Fire      17%        2d7       32%         4


Dungeon Overview and Level Annotations

Branches:
Dungeon (4/15)
 Temple: D:4-7

Annotations:
D:3 1 runed translucent door


Innate Abilities, Weirdness & Mutations

You have an increased reservoir of magic. (+10% MP)
You shall have no god before yourself.
Your divine heritage dramatically boosts your attributes as you level up.


Message History

There is a stone staircase leading up here.
Found a ring mail.
Casting: Scorch (safe; 3% risk of failure)
Confirm with . or Enter, or press ? or * to list all spells.
Aiming: Inner Flame (quite dangerous; 14% risk of failure)
Press: ? - help, Dir - move target, f - ogre
Aim: an ogre, wielding a +0 giant club (chance to affect: 64%)
The ogre struggles to resist.
Casting: Inner Flame (quite dangerous; 14% risk of failure)
Confirm with . or Enter, or press ? or * to list all spells.
Aiming: Inner Flame (quite dangerous; 14% risk of failure)
Press: ? - help, Dir - move target, f/p - ogre
Aim: an ogre, wielding a +0 giant club (chance to affect: 64%)
The ogre is filled with an inner flame.
Casting: Inner Flame (quite dangerous; 14% risk of failure)
Confirm with . or Enter, or press ? or * to list all spells.
You can't see any susceptible monsters within range! (Use Z to cast anyway.)
Casting: Inner Flame (quite dangerous; 14% risk of failure)
Confirm with . or Enter, or press ? or * to list all spells.
You conjure some foxfire!
Casting: Foxfire (safe; 3% risk of failure)
Confirm with . or Enter, or press ? or * to list all spells.
You miscast Scorch.
You are very lightly contaminated with residual magic.
Nothing appears to happen.
The foxfire hits the ogre.
Flame seeps out of the ogre.
The ogre is lightly wounded.
The foxfire hits the ogre.
Flame seeps out of the ogre.
The ogre is lightly wounded.
The ogre is engulfed in blazing flames.
Flame seeps out of the ogre.
Casting: Scorch (safe; 3% risk of failure)
Confirm with . or Enter, or press ? or * to list all spells.
You don't have enough magic to cast this spell.
Casting: Scorch (safe; 3% risk of failure)
Confirm with . or Enter, or press ? or * to list all spells.
You conjure some foxfire!
The ogre attacks as you move away!
The ogre hits you with a +0 giant club!!
Ouch! That really hurt!
You die...

### #..#### #######. #.....#
###....... ...#[#####.......O.
#......$#.......... #########
....#...........##
#.......#######v..°.............
#....<.........@O...#!....†.$...
#..............v........W<....#
#.......#######.###.#.........#
#.......# #.# #.........#
######### #.. #.........# ##.#
...........# .####.........# ..
........... ..........###


You could see an ogre (inner flame, ally target).

Vanquished Creatures
  6 adders
  2 dart slugs (D:1)
  An orc (D:3)
  7 ball pythons
  An endoplasm (D:1)
  5 giant cockroaches
  8 goblins
  A hobgoblin (D:2)
  3 jackals
  3 kobolds (D:1)
  4 quokkas
  2 bats
  2 frilled lizards (D:3)
  A kobold skeleton (D:3)
  9 rats
55 creatures vanquished.

Vanquished Creatures (others)
  71 foxfires
71 creatures vanquished.

Grand Total: 126 creatures vanquished

Notes
Turn   | Place    | Note
-------+----------+-------------------------------------------
     0 | D:1      | croobank the Demigod Fire Elementalist began the quest for
                  | the Orb.
     0 | D:1      | Reached XP level 1. HP: 14/14 MP: 5/5
   135 | D:1      | Reached skill level 1 in Conjurations
   616 | D:1      | Reached XP level 2. HP: 20/20 MP: 4/7
   619 | D:1      | Learned a level 2 spell: Scorch
  1584 | D:2      | Reached skill level 3 in Fire Magic
  1584 | D:2      | Reached XP level 3. HP: 26/26 MP: 3/8
  1588 | D:2      | Learned a level 3 spell: Inner Flame
  2761 | D:3      | Reached XP level 4. HP: 24/33 MP: 2/10
  3033 | D:3      | Noticed a human
  3034 | D:3      | Found a runed translucent door.
  3560 | D:3      | Identified a scroll of acquirement
  3560 | D:3      | Acquired the scarf of Impressiveness {harm, rF+}
  3684 | D:4      | Noticed a phantom
  3689 | D:4      | Noticed an ogre
  3950 | D:4      | Mangled by an ogre

Illustrated notes

Levels and vault maps discovered:
D:1:      heliophobic_arrival_glass_houses, layout_loops_ring,
          grunt_decor_mini_mirrors
D:2:      layout_basic, basic_altar
D:3:      layout_loops_ring, dk_yredelemnul_ordeal
D:4:      layout_rooms, kennysheep_mini_moat, serial_shops, shop,
          skrybe_limestone_x

Skill      XL: |  1  2 |
---------------+-------+-----
Conjurations   | 1 |  1.9
Stealth        | 2 |  2.5
Dodging        | 2 |  2.5
Spellcasting   | 2 |  2.4
Fire Magic     | 3 |  3.2

Action                     |  1- 3 |  4- 6 || total
---------------------------+-------+-------++-------
  Melee: Unarmed           |     4 |       ||     4
         Trident           |     6 |     3 ||     9
   Fire: Sling             |       |    23 ||    23
   Cast: Foxfire           |    43 |     4 ||    47
         Scorch            |    20 |    12 ||    32
         Inner Flame       |       |     2 ||     2
    Use: Scroll            |       |    11 ||    11
   Stab: Sleeping          |     1 |       ||     1
 Armour: Robe              |     3 |     4 ||     7
  Dodge: Dodged            |    18 |    19 ||    37
